 Dungeon Crawl Stone Soup version 0.26-a0-708-g17f3b190f9 (webtiles) character file.

Game seed: 1584231482777998890

23 ANON1729 the Caller (level 3, -1/24 HPs)
             Began as a Barachi Summoner on Oct 28, 2020.
             Slain by a big kobold (5 damage)
             ... on level 2 of the Dungeon.
             The game lasted 00:03:34 (1609 turns).

ANON1729 the Caller (Barachi Summoner)              Turns: 1609, Time: 00:03:35

Health: -1/24      AC:  2    Str:  9    XL:     3   Next: 0%
Magic:  3/6        EV: 13    Int: 16    God:
Gold:   45         SH:  5    Dex: 12    Spells: 6/7 levels left

rFire    . . .     SeeInvis .   (no weapon)
rCold    . . .     Faith    .   (no shield)
rNeg     . . .     Spirit   .   a - +0 robe
rPois    .         Reflect  +   (no helmet)
rElec    .         Harm     .   (no cloak)
rCorr    .         Rampage  .   (no gloves)
MR       .....                  (no boots)
Stlth    ++........             e - amulet of reflection
HPRegen  0.08/turn              (no ring)
MPRegen  0.10/turn              (no ring)

@: slow
A: +LOS, swims, slowness 1, strong legs 1
a: Hop


You were on level 2 of the Dungeon.
You visited 1 branch of the dungeon, and saw 2 of its levels.

You collected 45 gold pieces.

Inventory:

Missiles
 b - 9 poisoned darts (quivered)
 d - 27 bolts
 j - 40 arrows
Armour
 a - a +0 robe (worn)
Jewellery
 e - an amulet of reflection (around neck)
Scrolls
 c - a scroll of enchant armour {unknown}
 f - a scroll of fog {unknown}
 g - a scroll of remove curse {unknown}
 k - a scroll of identify {unknown}
 l - a scroll of fear {unknown}
Potions
 h - a potion of curing {unknown}
 i - a potion of resistance {unknown}


   Skills:
 + Level 2.6 Dodging
 + Level 2.2 Stealth
 + Level 2.5 Spellcasting
 + Level 5.1 Summonings


You had 6 spell levels left.
You knew the following spells:

 Your Spells              Type           Power        Failure   Level
a - Summon Small Mammal   Summ           ###.         2%          1

Your spell library contained the following spells:

 Spells                   Type           Power        Failure   Level
 Call Imp                 Summ           ###.....     3%          2
 Call Canine Familiar     Summ           ###.....     7%          3
 Summon Guardian Golem    Hex/Summ       ##......     21%         3
 Summon Ice Beast         Ice/Summ       ##......     56%         4
 Summon Lightning Spire   Summ/Air       ##......     56%         4


Dungeon Overview and Level Annotations

Branches:
Dungeon (2/15)

Altars:


Innate Abilities, Weirdness & Mutations

You can be seen from farther away. (+LOS)
You can swim through water.
You cover ground slowly.
You can hop short distances.


Message History

You closely miss the big kobold.
The big kobold is heavily wounded.
Your bat closely misses the big kobold.
Your quokka bites the big kobold.
Your quokka bites the big kobold but does no damage.
The big kobold barely misses your quokka.
Your quokka closely misses the big kobold.
You catch the helpless big kobold completely off-guard!
You hit the big kobold but do no damage.
The big kobold is severely wounded.
Your bat completely misses the big kobold.
Your quokka barely misses the big kobold.
The big kobold hits you.
* * * LOW HITPOINT WARNING * * *
Your quokka barely misses the big kobold.
Your quokka misses the big kobold.
You hit the big kobold but do no damage.
The big kobold is severely wounded.
Your bat hits the big kobold but does no damage.
The big kobold hits you.
You die...

####. #.. #.... .>
###.... ##.#
##...... #..
#......# #.# #
#.....####.####.##
#..............b.
#....rr......#
#...r@Kb.....#
##.#######<##......
#....#.... ##..##
.. .... ..##$ ..#
.. ..# .. ... #


You could see a big kobold, 3 friendly quokkas and a friendly bat (summoned).

Vanquished Creatures
  4 jackals (D:1)
  A kobold (D:1)
  A frilled lizard (D:1)
  A goblin (D:1)
  A rat (D:1)
8 creatures vanquished.

Vanquished Creatures (collateral kills)
  A dart slug (D:1)
  3 bats (D:1)
  A goblin (D:1)
  4 hobgoblins (D:1)
  5 jackals (D:1)
  2 frilled lizards (D:1)
  2 kobolds (D:1)
  3 rats (D:1)
21 creatures vanquished.

Grand Total: 29 creatures vanquished

Notes
Turn   | Place    | Note
-------+----------+-------------------------------------------
     0 | D:1      | ANON1729 the Barachi Summoner began the quest for the Orb.
     0 | D:1      | Reached XP level 1. HP: 13/13 MP: 3/3
   421 | D:1      | Reached XP level 2. HP: 10/19 MP: 1/5
   446 | D:2      | Noticed a big kobold
   706 | D:1      | Reached skill level 5 in Summonings
  1424 | D:1      | Reached XP level 3. HP: 24/24 MP: 2/6
  1609 | D:2      | Slain by a big kobold

Illustrated notes

Levels and vault maps discovered:
D:1:      minmay_arrival_wavy_path, layout_basic, minmay_pentomino_x2
D:2:      layout_rooms

Skill      XL: |  1  2 |
---------------+-------+-----
Stealth        | 2 |  2.2
Summonings     | 5 |  5.1
Dodging        | |  2.6
Spellcasting   | |  2.5

Action                   || total
-------------------------++-------
Melee: Unarmed           ||    46
Throw: Dart              ||    14
 Cast: Summon Small Mamm ||    48
 Abil: Hop               ||     1
 Stab: Distracted        ||     2
       Sleeping          ||     1
Armor: Robe              ||    16
Dodge: Dodged            ||    55
Block: Other             ||    13
       Reflection        ||     1

Table legend: (Time is in decaauts)
 A = Elapsed time spent in this place.
 B = Non-inter-level travel time spent in this place.
 C = Inter-level travel time spent in this place.
 D = Time resting spent in this place.
 E = Time spent auto-exploring this place.
 F = Levels seen in this place.
 G = Mean time per level.
                   A        B        C        D        E       F      G
               +--------+--------+--------+--------+--------+-----+--------+
         Total |   1728 |   1714 |     14 |    470 |    828 |   2 |  864.0 |
       Dungeon |   1728 |   1714 |     14 |    470 |    828 |   2 |  864.0 |
               +--------+--------+--------+--------+--------+-----+--------+

Top non-repeatable levels by time:
     D:1: 1696 daAuts
     D:2: 31 daAuts
